 Dungeon Crawl Stone Soup version 0.20-a0-1114-g33edf32 (webtiles) character file.

82 Monsterracer the Changer (level 4, -4/38 HPs)
             Began as a Naga Transmuter on May 6, 2017.
             Slain by a goblin (6 damage)
             ... led by Robin
             ... on level 2 of the Dungeon.
             The game lasted 00:07:16 (2455 turns).

Monsterracer the Changer (Naga Transmuter)          Turns: 2455, Time: 00:07:17

Health: -4/38      AC:  2    Str: 12    XL:     4   Next: 43%
Magic:  6/7        EV: 10    Int: 15    God:
Gold:   84         SH:  0    Dex: 11    Spells: 3/7 levels left

rFire    . . .     SeeInvis +     - Unarmed
rCold    . . .     Gourm    .   (no shield)
rNeg     . . .     Faith    +   b - +0 robe
rPois    +         Spirit   .   (no helmet)
rElec    .         Reflect  .   (no cloak)
rCorr    .         Harm     .   (no gloves)
MR       .....                  (no barding)
Stlth    +.........             i - amulet of faith
Regen    0.2/turn               (no ring)
MPRegen  0.1/turn               (no ring)

@: lethally poisoned (-4 -> -19), very slow
A: see invisible, deformed body, poison resistance, slowness 2, slow metabolism
1, spit poison 1, AC +1
a: Spit Poison


You were on level 2 of the Dungeon.
You were not hungry.

You visited 1 branch of the dungeon, and saw 2 of its levels.

You collected 84 gold pieces.

Inventory:

Armour
 b - a +0 robe (worn)
 j - a +0 helmet
Jewellery
 i - an amulet of faith (around neck)
Scrolls
 a - 3 scrolls of identify {unknown}
 e - a scroll of recharging {unknown}
 f - a scroll of blinking {unknown}
 g - a scroll of teleportation {unknown}
Books
 c - a book of Changes

   Spells                             Type                      Level
   a - Beastly Appendage              Transmutation                1
   b - Sticks to Snakes               Transmutation                2
   c - Spider Form                    Transmutation/Poison         3
   d - Ice Form                       Ice/Transmutation            4
   e - Blade Hands                    Transmutation                5
Comestibles
 d - a bread ration
 h - a meat ration
 k - a royal jelly


   Skills:
 - Level 1.0 Fighting
 - Level 1.5 Dodging
 - Level 3.0 Unarmed Combat
 - Level 2.0 Spellcasting
 + Level 4.5 Transmutations


You had 3 spell levels left.
You knew the following spells:

 Your Spells              Type           Power        Failure   Level  Hunger
a - Beastly Appendage     Tmut           ###...       3%          1    #......
b - Spider Form           Tmut/Pois      #.........   26%         3    ###....


Dungeon Overview and Level Annotations

Branches:
Dungeon (2/15)

Altars:


Innate Abilities, Weirdness & Mutations

You cannot wear boots.
Your serpentine skin is tough. (AC +1)
You have supernaturally acute eyesight. (SInv)
Armour fits poorly on your strangely shaped body.
Your system is resistant to poisons. (rPois)
You cover ground very slowly.
You have a slow metabolism.
You can spit poison.


Message History

You feel slightly more hungry.
Your transformation has ended.
Your +0 robe unmelds from your body.
You feel sick.
You hit the hobgoblin.
You kill the hobgoblin!
You feel sick.
You feel sick. The goblin hits you. x2
You see here a hobgoblin corpse.
You miss the goblin.
You feel sick. The goblin hits you.
* * * LOW HITPOINT WARNING * * *
You miss the goblin.
* * * LOW HITPOINT WARNING * * *
You feel sick. The goblin misses you.
You closely miss the goblin.
You have got your breath back.
* * * LOW HITPOINT WARNING * * *
You feel sick. The goblin hits you with a club.
* * * LOW HITPOINT WARNING * * *
The goblin hits you.
You die...

#.. #...........
####..##...........
..................
..............#
##.#.#
#...##......#
#..#.#
##...##.†...##
#.##.#
#..........##
#.##.# #..g......##
#.##.# #..@g....##
#.##.# #..).....#
#.##.#####........#
#.##.#.....#......#
#......#..##......#
#...)....###....###
#.....#### #.####
#####)#..## #.#
........## ..#


You could see 2 goblins.

Vanquished Creatures
  Robin (D:2)
  A gnoll (D:1)
  A worm (D:1)
  2 dart slugs (D:1)
  A ball python (D:1)
  3 giant cockroaches
  8 goblins (D:1)
  13 hobgoblins
  A quokka (D:2)
  9 bats
  5 kobolds
  7 rats (D:1)
52 creatures vanquished.

Notes
Turn   | Place    | Note
-------+----------+-------------------------------------------
     0 | D:1      | Monsterracer the Naga Transmuter began the quest for the Orb.
     0 | D:1      | Reached XP level 1. HP: 18/18 MP: 3/3
     8 | D:1      | Noticed a minotaur skeleton
    12 | D:1      | Noticed a minotaur skeleton
    18 | D:1      | Noticed a minotaur skeleton
   507 | D:1      | Reached XP level 2. HP: 25/25 MP: 5/5
   670 | D:1      | Reached skill level 3 in Transmutations
  1022 | D:1      | Reached XP level 3. HP: 17/31 MP: 6/6
  1161 | D:1      | Learned a level 3 spell: Spider Form
  1723 | D:2      | Noticed Robin
  1746 | D:1      | Reached skill level 4 in Transmutations
  2005 | D:1      | Reached XP level 4. HP: 22/38 MP: 7/7
  2449 | D:2      | Killed Robin
  2455 | D:2      | Slain by a goblin

Vault maps used:
D:1:      shiori_arrival_whats_in_store_for_you
D:2:      kennysheep_big_flooded_room, first_bread, minmay_statues_item,
          uniq_robin

Skill      XL: |  1  2  3 |
---------------+----------+-----
Transmutations | 3 4 |  4.5
Fighting       | |  1.0
Dodging        | |  1.5
Unarmed Combat | |  3.0
Spellcasting   | |  2.0

Action                   |  1- 3 |  4- 6 || total
-------------------------+-------+-------++-------
Melee: Unarmed           |   102 |    24 ||   126
       Headbutt          |     4 |       ||     4
 Cast: Beastly Appendage |    14 |     1 ||    15
       Spider Form       |     2 |     2 ||     4
 Abil: Spit Poison       |    15 |     8 ||    23
  Use: Potion            |     4 |       ||     4
  Eat: Chunk             |     3 |     2 ||     5
Armor: Robe              |    21 |     5 ||    26
       Skin              |     2 |       ||     2
Dodge: Dodged            |    68 |    14 ||    82
